Map: Ancient Cistern LE

Players

winzboy - Winner!

  • Race: Protoss Protoss
  • Spawn Location: 1:00

VOD

Have the link to the VOD?

Description

Time

  • Played on: May 19, 2023, 5:17 a.m.
  • Length: 16:08
Show
View Real Time Build Order
Export as new Build Order

winzboy Protoss - Winner!

Build Orders:  

Get SALT Encoding   

  12  0:05  Probe (Chrono Boost)  
  13  0:23  Pylon  
  13  0:24  Probe (Chrono Boost)  
  14  0:53  Gateway  
  14  0:56  Assimilator  
  14  0:59  Probe (Chrono Boost)  
  15  1:16  Probe (Chrono Boost)  
  16  1:33  Probe (Chrono Boost)  
  18  1:50  Probe (Chrono Boost)  
  18  2:10  Nexus  
  18  2:17  Cybernetics Core  
  19  2:21  Probe (Chrono Boost)  
  19  2:25  Assimilator  
  19  2:31  Pylon  
  19  2:48  Probe (Chrono Boost)  
  20  3:05  Probe (Chrono Boost)  
  23  3:22  Probe (Chrono Boost)  
  24  3:39  Probe (Chrono Boost)  
  25  3:43  Robotics Facility  
  25  3:46  Shield Battery  
  25  3:51  Unknown  
  27  4:02  Probe (Chrono Boost)  
  28  4:19  Probe (Chrono Boost)  
  29  4:31  Warp Gate  
  29  4:33  Sentry  
  29  4:36  Probe (Chrono Boost)  
  30  4:53  Probe (Chrono Boost)  
  30  4:54  Observer  
  33  5:10  Probe (Chrono Boost)  
  33  5:11  Pylon  
  33  5:15  Twilight Council  
  33  5:20  Forge  
  33  5:37  Pylon  
  34  5:40  Probe (Chrono Boost)  
  34  5:41  Assimilator  
  34  5:44  Assimilator  
  34  5:48  Immortal  
  38  5:57  Probe (Chrono Boost)  
  39  6:14  Probe (Chrono Boost)  
  40  6:20  Protoss Ground Weapons Level 1  
  41  6:31  Probe (Chrono Boost)  
  41  6:42  Pylon  
  41  6:48  Probe (Chrono Boost)  
  42  6:54  Gateway  
  42  6:55  Gateway  
  42  6:59  Gateway  
  42  7:02  Gateway  
  42  7:05  Probe (Chrono Boost)  
  42  7:06  Gateway  
  43  7:10  Gateway  
  43  7:32  Charge  
  43  7:38  Probe (Chrono Boost)  
  44  7:55  Probe (Chrono Boost)  
  45  8:03  Gateway  
  45  8:12  Probe (Chrono Boost)  
  46  8:22  Templar Archives  
  46  8:29  Probe (Chrono Boost), Zealot  
  49  8:30  Zealot x2  
  49  8:31  Zealot  
  49  8:32  Zealot  
  49  8:37  Warp Prism  
  59  8:42  Probe (Chrono Boost)  
  60  8:54  Probe (Chrono Boost)  
  61  9:06  Probe (Chrono Boost)  
  62  9:13  Zealot x2  
  66  9:21  Stalker  
  66  9:23  Probe (Chrono Boost)  
  70  9:40  Probe (Chrono Boost), Pylon  
  70  9:43  Pylon  
  70  9:44  Zealot  
  70  9:45  Zealot  
  70  9:47  Pylon  
  68  9:58  Pylon  
  64  10:07  Zealot  
  64  10:09  High Templar  
  68  10:10  High Templar x3  
  68  10:11  High Templar  
  68  10:16  High Templar  
  68  10:18  Immortal  
  82  10:23  Archon  
  82  11:13  Zealot x2  
  82  11:14  Nexus, Zealot x2  
  82  11:15  Zealot  
  82  11:17  Pylon  
  92  11:20  Pylon  
  92  11:24  Pylon  
  92  11:40  High Templar x2  
  92  11:41  High Templar  
  92  11:42  High Templar x2  
  92  11:43  High Templar  
  92  11:48  Archon  
  104  11:59  Zealot  
  106  12:00  Zealot  
  106  12:04  Archon x2  
  106  12:06  Protoss Ground Weapons Level 2  
  108  12:46  Zealot  
  108  12:47  Zealot x2  
  108  12:48  Zealot  
  108  12:49  Zealot  
  118  12:51  Stalker  
  118  12:52  Stalker x2  
  124  13:01  Probe (Chrono Boost)  
  125  13:13  Probe (Chrono Boost)  
  125  13:18  Pylon  
  126  13:20  Pylon  
  126  13:25  Pylon  
  126  13:27  Probe (Chrono Boost), Pylon  
  127  13:34  Archon x2  
  127  13:44  Probe (Chrono Boost)  
  128  13:54  Immortal  
  133  14:00  Probe (Chrono Boost)  
  121  14:33  Zealot  
  121  14:34  Zealot x2  
  121  14:35  Zealot x2  
  121  14:36  Zealot x2  
  135  14:49  Immortal  
  137  14:51  Pylon  
  135  15:28  Zealot x2  
  135  15:29  Zealot  
  135  15:30  Stalker  
  135  15:31  Stalker x2  
  135  15:32  Stalker  
  135  15:33  Stalker  
Tags
 
Add a new tag
Caveats
  • Supply blocks, unpowered buildings, or Contaminate may cause inaccurate times.
  • Supply counts are checked every 10 seconds.